 Dungeon Sprint DCSS version 0.30-a0-210-g01b79a254e (webtiles) character file.

Game seed: 9367773726226366032

235 rocky1 the Cleaver (level 6, -1/59 HPs)
             Began as an Ogre Gladiator on Oct 5, 2022.
             Was an Initiate of Gozag.
             Slain by a gnoll
             ... wielding a +0 spear
             ... led by a gnoll sergeant
              (8 damage)
             ... in the Dungeon (Sprint VII: "The Pits").
             The game lasted 00:01:46 (622 turns).

rocky1 the Cleaver (Ogre Gladiator)                  Turns: 622, Time: 00:01:46

Health: -1/59      AC:  3    Str: 21    XL:     6   Next: 6%
Magic:  3/6        EV: 10    Int:  9    God:    Gozag
Gold:   729        SH:  0    Dex: 10    Spells: 5/5 levels left

rFire   . . .      SeeInvis .    a - +0 war axe
rCold   . . .      Faith    .    (no shield)
rNeg    . . .      Spirit   .    b - +0 robe
rPois   .          Reflect  .    c - +0 hat
rElec   .          Harm     .    (no cloak)
rCorr   .          Rampage  .    (gloves unavailable)
Will    .....      NoTele   +    (boots unavailable)
Stlth   +.........               (no amulet)
HPRegen 0.29/turn                (no ring)
MPRegen 0.10/turn                (no ring)

@: on berserk cooldown, hasted, invisible, very quick
A: large, unfitting armour, tough skin 1
a: Renounce Religion, Potion Petition, Call Merchant, Bribe Branch


You were in the Dungeon.
You worshipped Gozag.
Gozag was pleased with you.
You visited 1 branch You collected 729 gold pieces.

Inventory:

Hand Weapons
 a - a +0 war axe (weapon)
 h - a +1 antimagic whip
Missiles
 d - 3 throwing nets (quivered)
 e - a large rock
Armour
 b - a +0 robe (worn)
 c - a +0 hat (worn)
Scrolls
 k - a scroll of blinking
 m - 5 scrolls of amnesia
 n - a scroll of summoning
Potions
 f - 6 potions of curing
 g - 6 potions of heal wounds
 i - 4 potions of magic
 j - a potion of berserk rage
 l - a potion of invisibility


   Skills:
 - Level 2.6 Fighting
 + Level 12.3 Axes
 - Level 2.0 Throwing
 - Level 2.6 Dodging


You had 5 spell levels left.
You didn't know any spells.
Your spell library was empty.

Dungeon Overview and Level Annotations

Branches:
Dungeon (1/1)

Altars:
Ashenzari
Cheibriados
Dithmenos
Elyvilon
Fedhas
Gozag
Hepliaklqana
Kikubaaqudgha
Makhleb
Nemelex Xobeh
Okawaru
Qazlal
Ru
Sif Muna
Trog
Uskayaw
Vehumet
Wu Jian
Xom
Yredelemnul
Zin
The Shining One
Jiyva
Lugonu


Innate Abilities, Weirdness & Mutations

You are too large for most types of armour.
You have tough skin. (AC +1)


Message History

You kill the gnoll!
You feel your dexterity returning.
You slash the frilled lizard!
You kill the frilled lizard!
You now have 576 gold pieces (gained 135).
You see here a +0 spear.
You feel a strong urge to attack something.
You are no longer berserk.
You are exhausted.
You feel yourself slow down.
You now have 639 gold pieces (gained 63).
There is an open door, spattered with blood here.
You see here a +0 flail.
You now have 675 gold pieces (gained 36).
Things that are here:
a +0 spear; a +0 scale mail; a +0 buckler A gnoll comes into view.
It is wielding a +0 spear.
Things that are here:
54 gold pieces; a +1 antimagic whip
h - a +1 antimagic whip You now have 729 gold pieces (gained 54).
Unknown command.
A gnoll is nearby!
You start resting.
A gnoll is nearby!
Things that are here:
a +0 spear; a +0 scale mail; a +0 buckler The gnoll closely misses you.
There is an open door, spattered with blood here.
You see here a +0 flail.
You closely miss the gnoll. The gnoll barely misses you.
You hit the gnoll.
The gnoll is moderately wounded.
The gnoll misses you.
You barely miss the gnoll.
The gnoll is moderately wounded.
You feel yourself speed up. The gnoll hits you with a +0 spear!
You die...
Your body crumbles into a pile of gold.

############
#_________.#
#_________.#
#_______...#######
##########'##.....
#.?(.')))'.##.....
##########.##.....
#)..........'.....
#@#####'#####.....
#g#.....#[[##.....
#.#...).#))#####'#
#.###'###))##.....
#.#.....#))##.....
#.#...).#..##.....
#.####)##'###...<.
#.#........##.....
#.#........##.....


You could see a gnoll (unable to see you).

Vanquished Creatures
  A floating eye (D)
  A gnoll sergeant (D)
  A quasit (D)
  3 gnolls (D)
  An adder (D)
  An orc (D)
  2 goblins (D)
  A hobgoblin (D)
  A ball python zombie (D)
  A frilled lizard (D)
  A rat (D)
14 creatures vanquished.

Notes
Turn   | Place    | Note
-------+----------+-------------------------------------------
     0 | D        | rocky1 the Ogre Gladiator began the quest for the Orb.
     0 | D        | Reached XP level 1. HP: 22/22 MP: 1/1
    11 | D        | Noticed a floating eye
    14 | D        | Paralysed by a floating eye for 2 turns
    18 | D        | Killed a floating eye
    19 | D        | Reached skill level 9 in Axes
    19 | D        | Reached XP level 2. HP: 29/29 MP: 2/2
    19 | D        | Reached XP level 3. HP: 36/36 MP: 3/3
    19 | D        | Reached XP level 4. HP: 44/44 MP: 4/4
    23 | D        | Found a bloodstained altar of Trog.
    23 | D        | Found a shimmering blue altar of Sif Muna.
    23 | D        | Found a viscous altar of Jiyva.
    23 | D        | Found a hazy altar of Hepliaklqana.
    23 | D        | Found an opulent altar of Gozag.
    24 | D        | Found a glowing golden altar of the Shining One.
    24 | D        | Found a glowing silver altar of Zin.
    24 | D        | Found a basalt altar of Yredelemnul.
    24 | D        | Found a shimmering altar of Xom.
    24 | D        | Found an ornate altar of the Wu Jian Council.
    24 | D        | Found a sacrificial altar of Ru.
    24 | D        | Found a stormy altar of Qazlal.
    24 | D        | Found an iron altar of Okawaru.
    24 | D        | Found a sparkling altar of Nemelex Xobeh.
    24 | D        | Found a burning altar of Makhleb.
    24 | D        | Found a blossoming altar of Fedhas.
    24 | D        | Found a white marble altar of Elyvilon.
    24 | D        | Found a shadowy altar of Dithmenos.
    24 | D        | Found a snail-covered altar of Cheibriados.
    27 | D        | Found a corrupted altar of Lugonu.
    27 | D        | Found a radiant altar of Vehumet.
    28 | D        | Found an ancient bone altar of Kikubaaqudgha.
    28 | D        | Found a hide-covered altar of Uskayaw.
    28 | D        | Found a broken altar of Ashenzari.
    35 | D        | Became a worshipper of Gozag Ym Sagoz the Greedy
   136 | D        | Reached skill level 10 in Axes
   136 | D        | Reached XP level 5. HP: 37/50 MP: 5/5
   599 | D        | Reached skill level 12 in Axes
   600 | D        | Reached XP level 6. HP: 8/59 MP: 1/6
   600 | D        | HP: 2/88 [gnoll/+0 spear[a gnoll sergeant] (6)]
   622 | D        | Slain by a gnoll

Illustrated notes

Levels and vault maps discovered:
D:        pitsprint [storerooms_1, entrance_room_1, metal_vault_3, armoury_3,
          mini_pit_1, grid_room_1, main_hall_1, silver_pit, the_coven_1,
          the_vestibule_1, steel_vault_2, golden_pit, hallway_of_sentries,
          crystal_vault_2, iron_vault_2, final_vault]

Skill      XL: |  1  2  3  4  5 |
---------------+----------------+-----
Axes           | 9 10 12 | 12.3
Fighting       | |  2.6
Throwing       | |  2.0
Dodging        | |  2.6

Action                   |  1- 3 |  4- 6 || total
-------------------------+-------+-------++-------
Melee: War axe           |     5 |    54 ||    59
       Punch             |     1 |     1 ||     2
  Use: Potion            |       |     4 ||     4
Armor: Robe              |       |    26 ||    26
Dodge: Dodged            |       |    53 ||    53

Table legend: (Time is in decaauts)
 A = Elapsed time spent in this place.
 B = Non-inter-level travel time spent in this place.
 C = Inter-level travel time spent in this place.
 D = Time resting spent in this place.
 E = Time spent auto-exploring this place.
 F = Levels seen in this place.
 G = Mean time per level.
                   A        B        C        D        E       F      G
               +--------+--------+--------+--------+--------+-----+--------+
         Total |    624 |    604 |     20 |    387 |      0 |   1 |  624.0 |
       Dungeon |    624 |    604 |     20 |    387 |      0 |   1 |  624.0 |
               +--------+--------+--------+--------+--------+-----+--------+

Top non-repeatable levels by time:
       D: 624 daAuts
